AoeStats
← Svenski

Scandinavia

510294721Analyzed
1v1 RM · 2d ago on Sep 30, 2026· 29m 30s· 2 players
Game mode
Random Map
Map size
Tiny (2 player)
Population
200
Speed
Normal
Resources
Standard
Victory
Conquest
Starting age
Dark Age
Ending age
Imperial Age
RankedLock teamsTeams togetherTeam positionsShared explorationLock speedFull tech treeHidden civsTurbo modeCheats
Victory
Defeat
🇧🇪 Ethiopians · Belgium
1168
+17
🇪🇸 Lithuanians · Spain
1191
-17
Svenski
12:13 Feudal Age
11:36 Loom
12:42 Double-Bit Axe
12:26 Man-at-Arms
19:21 Castle Age
17:15 Fletching
17:25 Padded Archer Armor
18:55 Scale Mail Armor
19:35 Scale Barding Armor
19:26 Crossbowman
21:11 Bow Saw
24:38 Bodkin Arrow
26:09 Husbandry
vivero
7:58 Loom
10:38 Feudal Age
15:30 Castle Age
13:39 Padded Archer Armor
13:51 Double-Bit Axe
14:54 Fletching
21:24 Elite Skirmisher
22:18 Bodkin Arrow
26:55 Town Watch
Connection lost

Rejoining the realm…

Still unreachable

The connection could not be restored.

Session expired

The server has moved on; the page needs a fresh start.